 Dungeon Crawl Stone Soup version 0.25.1-2-g60ff931df9 (webtiles) character file.

Game seed: 9726578494669533937

182 H0rd4k the Insei (level 5, -1/33 HPs)
             Began as an Octopode Transmuter on Sept 21, 2020.
             Slain by a worker ant (8 damage)
             ... on level 4 of the Dungeon.
             The game lasted 00:04:42 (3700 turns).

H0rd4k the Insei (Octopode Transmuter)              Turns: 3700, Time: 00:04:43

Health: -1/33      AC:  1    Str:  9    XL:     5   Next: 62%
Magic:  8/9        EV: 14    Int: 16    God:
Gold:   166        SH:  0    Dex: 13    Spells: 9/10 levels left

rFire    . . .     SeeInvis .     - Unarmed
rCold    . . .     Gourm    .   (no shield)
rNeg     + . .     Faith    .   (helmet restricted)
rPois    .         Spirit   .   (no amulet)
rElec    .         Reflect  .   g - ring of positive energy
rCorr    .         Harm     .   (no ring)
MR       .....                  (no ring)
Stlth    +++.......             (no ring)
HPRegen  0.11/turn              (no ring)
MPRegen  0.11/turn              (no ring)
                                (no ring)
                                (no ring)

@: lethally poisoned (-1 -> -6), appendage
A: almost no armour, stealthy swim, amphibious, 8 rings, constrict 8, tentacle
spike 3, camouflage 1, gelatinous body 1
a: End Transformation


You were on level 4 of the Dungeon.
You were not hungry.
One of your tentacles had a temporary spike.
You visited 1 branch of the dungeon, and saw 4 of its levels.

You collected 166 gold pieces.

Inventory:

Missiles
 a - 12 arrows
 i - 15 poisoned darts (quivered)
Jewellery
 g - a ring of positive energy (left tentacle)
Wands
 m - a wand of random effects (22)
Scrolls
 d - a scroll of teleportation {unknown}
 f - 2 scrolls of remove curse
 h - 2 scrolls of identify
 j - a scroll of enchant armour
 l - a scroll of noise {unknown}
 o - a scroll of enchant weapon {unknown}
 q - a scroll of magic mapping
 t - a scroll of amnesia {unknown}
Potions
 b - a potion of mutation
 e - 2 potions of cancellation
 k - a potion of degeneration {unknown}
 n - a potion of flight
 p - a potion of curing {unknown}
 r - a potion of lignification {unknown}
 s - 2 potions of ambrosia {unknown}
Comestibles
 c - 5 rations
 u - 2 chunks of flesh


   Skills:
 + Level 1.3 Fighting
 + Level 2.6 Dodging
 + Level 2.7 Stealth
 + Level 4.0 Unarmed Combat
 * Level 3.0 Spellcasting
 * Level 2.9 Transmutations


You had 9 spell levels left.
You knew the following spells:

 Your Spells              Type           Power        Failure   Level  Hunger
a - Beastly Appendage     Tmut           ##....       5%          1    #......

Your spell library contained the following spells:

 Spells                   Type           Power        Failure   Level  Hunger
 Sticks to Snakes         Tmut           ##......     9%          2    ##.....
 Spider Form              Tmut/Pois      #.........   30%         3    ###....
 Ice Form                 Ice/Tmut       #.......     71%         4    #####..
 Blade Hands              Tmut           ##........   83%         5    ######.


Dungeon Overview and Level Annotations

Branches:
Dungeon (4/15)
 Temple: D:4-7

Altars:
Trog
Yredelemnul


Innate Abilities, Weirdness & Mutations

You cannot wear most types of armour.
You are very stealthy in the water. (Stealth+)
You are amphibious.
You can wear up to eight rings at the same time.
You can use your tentacles to constrict eight enemies at once.
Your skin changes colour to match your surroundings (Stealth+).
Your rubbery body absorbs attacks. (AC +1, EV +1)
One of your tentacles bears a large vicious spike.


Message History

You constrict the worker ant. The worker ant bites you.
You tentacle-slap the worker ant.
You pierce the worker ant, but do no damage.
Your tentacle-slap misses the worker ant.
The worker ant is severely wounded.
You constrict the worker ant, but do no damage.
The worker ant bites you.
You are poisoned.
The worker ant poisons you!
You tentacle-slap the worker ant but do no damage.
The worker ant is severely wounded.
You constrict the worker ant, but do no damage.
You feel sick. The worker ant misses you.
You barely miss the worker ant.
The worker ant is severely wounded.
You constrict the worker ant, but do no damage.
You feel sick. The worker ant bites you.
* * * LOW HITPOINT WARNING * * *
The worker ant bites you!
You die...

## .. .# #.# .# #.#
.# #.# .# #.# .#
#####.#
##########...#.# #
...............###.#
########......>.@a.#
##......#####
##...#........
#...######### ####
#.#.#.# ....
......... ##.#
##.##.Z## ##


You could see a worker ant.

Vanquished Creatures
  A howler monkey (D:4)
  A crimson imp (D:2)
  5 adders
  A dart slug (D:1)
  5 worms
  A leopard gecko (D:2)
  3 giant cockroaches
  10 goblins
  3 hobgoblins
  4 kobolds
  2 quokkas
  7 bats
  4 frilled lizards
  7 rats
54 creatures vanquished.

Notes
Turn   | Place    | Note
-------+----------+-------------------------------------------
     0 | D:1      | H0rd4k the Octopode Transmuter began the quest for the Orb.
     0 | D:1      | Reached XP level 1. HP: 13/13 MP: 3/3
   389 | D:1      | Reached XP level 2. HP: 18/18 MP: 5/5
  1101 | D:2      | Noticed a crimson imp
  1108 | D:2      | Killed a crimson imp
  1108 | D:2      | Reached skill level 1 in Stealth
  1108 | D:2      | Reached XP level 3. HP: 23/23 MP: 6/6
  1184 | D:2      | Reached XP level 4. HP: 17/28 MP: 5/7
  2668 | D:3      | Reached XP level 5. HP: 21/33 MP: 7/9
  2844 | D:3      | Found a bloodstained altar of Trog.
  3225 | D:3      | Found a bloodstained altar of Trog.
  3390 | D:3      | Found a basalt altar of Yredelemnul.
  3634 | D:4      | Reached skill level 4 in Unarmed Combat
  3700 | D:4      | Slain by a worker ant

Illustrated notes

Levels and vault maps discovered:
D:1:      dpeg_arrival_subterranean_lakeside_camping, layout_basic
D:2:      layout_basic
D:3:      layout_loops_corners, lemuel_coloured_pillars_altar,
          nicolae_overflow_crystal_walls, minivault_24, trog_book
D:4:      layout_loops_ring, first_ration, dk_xom_monty_hall

Skill      XL: |  1  2  3  4  5 |
---------------+----------------+-----
Stealth        | 1 2 |  2.7
Unarmed Combat | 4 |  4.0
Spellcasting   | 3 |  3.0
Fighting       | |  1.3
Dodging        | |  2.6
Transmutations | |  2.9

Action                   |  1- 3 |  4- 6 || total
-------------------------+-------+-------++-------
Melee: Unarmed           |    37 |    91 ||   128
       Constrict         |    12 |    22 ||    34
       Tentacles         |    10 |    10 ||    20
       Kick              |       |    19 ||    19
       Punch             |       |     3 ||     3
 Cast: Beastly Appendage |     1 |    12 ||    13
  Use: Scroll            |       |     6 ||     6
 Stab: Sleeping          |     5 |     8 ||    13
       Distracted        |       |     1 ||     1
  Eat: Chunk             |     1 |     8 ||     9
Armor: Skin              |     1 |     5 ||     6
Dodge: Dodged            |    17 |    37 ||    54
